Map: New Repugnancy LE

Players

Mez - Winner!

  • Race: Terran Terran
  • League: Master
  • Spawn Location: 1:00

GanNiNiang

  • Race: Zerg Zerg
  • League: Master
  • Spawn Location: 7:00

VOD

Have the link to the VOD?

Description

Time

  • Played on: July 30, 2019, 1:19 a.m.
  • Length: 11:14
Show
View Real Time Build Order
Export as new Build Order

Mez Terran - Winner!

Build Orders: Reaper Expand 

Get SALT Encoding   

  12  0:00  SCV  
  13  0:13  SCV  
  14  0:19  Supply Depot  
  14  0:25  SCV  
  15  0:41  SCV  
  16  0:42  Barracks  
  16  0:47  Refinery  
  16  0:53  SCV  
  17  1:05  SCV  
  18  1:17  SCV  
  19  1:30  Reaper, Orbital Command  
  20  1:41  Command Center  
  20  1:55  Barracks  
  20  1:56  SCV  
  21  2:02  Barracks Reactor  
  21  2:09  SCV  
  21  2:12  Barracks  
  22  2:19  Supply Depot  
  22  2:22  SCV  
  23  2:40  SCV  
  23  2:41  Marine x2  
  26  2:50  Barracks Tech Lab  
  26  2:52  SCV  
  26  2:55  Orbital Command  
  27  3:00  Marine x2  
  27  3:01  Marine  
  30  3:06  SCV  
  30  3:10  Marine  
  32  3:13  Combat Shield  
  32  3:17  Marine  
  32  3:19  SCV  
  34  3:20  Marine x2  
  34  3:23  SCV  
  37  3:28  Marine  
  37  3:29  Supply Depot  
  37  3:31  SCV  
  39  3:38  SCV  
  39  3:39  Marine x3  
  43  3:43  SCV  
  43  3:46  Marine  
  44  3:49  Bunker, Engineering Bay  
  44  3:59  Supply Depot  
  44  4:02  Supply Depot  
  44  4:03  Marine x3  
  44  4:04  Marine  
  44  4:05  SCV x2  
  50  4:18  Terran Infantry Weapons Level 1  
  50  4:19  SCV x2  
  52  4:29  Marine x4  
  56  4:32  SCV x2  
  56  4:33  Stimpack  
  58  4:44  SCV x2  
  58  4:45  Command Center  
  60  4:50  Marine  
  60  4:51  Marine x2, Marauder  
  64  4:56  SCV x2  
  66  5:01  Refinery  
  66  5:03  Refinery  
  66  5:05  Factory  
  66  5:08  SCV x2  
  66  5:13  Marine x2  
  70  5:16  Barracks Reactor  
  70  5:19  Supply Depot x2  
  70  5:21  Supply Depot  
  70  5:39  Barracks  
  70  5:40  SCV x2, Marine x3, Barracks  
  75  5:44  Supply Depot  
  75  5:46  Supply Depot  
  75  5:49  Supply Depot  
  75  5:53  Starport, Factory Reactor  
  75  5:54  Marine x2  
  75  5:55  SCV x2  
  79  5:58  Marine  
  80  6:09  Marine, Marauder  
  83  6:12  Marine x2  
  83  6:13  SCV  
  83  6:14  SCV  
  83  6:17  Terran Infantry Armor Level 1  
  87  6:19  Supply Depot  
  87  6:23  Orbital Command  
  87  6:26  SCV x2  
  87  6:28  Barracks Reactor  
  87  6:29  Barracks Reactor, Marine x2  
  87  6:30  Marine x2  
  93  6:42  SCV x2  
  93  6:43  Concussive Shells  
  93  6:45  Medivac x2  
  99  6:54  SCV x2  
  100  6:55  Supply Depot  
  100  6:58  Supply Depot  
  101  7:02  Marine x2  
  101  7:06  SCV, Marine  
  101  7:07  Marine x6  
  106  7:15  Medivac  
  101  7:25  Medivac  
  101  7:26  Marine x9  
  105  7:35  SCV x2  
  86  7:39  SCV  
  86  7:40  Engineering Bay  
  86  7:41  Armory  
  86  7:43  Marine  
  86  7:44  Marine x2  
  85  7:45  Medivac  
  85  7:47  SCV  
  85  7:48  SCV  
  88  7:52  Marine x6  
  88  7:56  SCV  
  95  8:00  SCV x2  
  95  8:01  Marine x3  
  95  8:02  Command Center  
  95  8:03  Supply Depot  
  100  8:08  SCV  
  100  8:10  Marine  
  100  8:11  Medivac  
  100  8:12  SCV x2  
  106  8:15  Medivac  
  108  8:20  SCV  
  108  8:24  SCV x2  
  111  8:32  SCV  
  112  8:41  Marine x9  
  110  8:42  Medivac  
  110  8:45  Medivac  
  110  8:48  Barracks x3  
  115  8:59  Marine x5  
  115  9:00  Marine x4  
  121  9:12  Supply Depot  
  121  9:16  Marine, Supply Depot  
  121  9:17  Marine x3  
  125  9:29  Marine x4, Marauder  
  131  9:34  Marine  
  131  9:36  Command Center  
  131  9:37  Planetary Fortress  
  132  9:38  SCV, Barracks x2, Supply Depot  
  132  9:39  Barracks x2  
  133  9:48  Barracks Tech Lab x2  
  133  9:49  Barracks Reactor  
  133  9:51  Marauder  
  135  10:02  Marine  
  135  10:09  Marine x6, Marauder x2, Medivac  
  135  10:12  Marauder  
  135  10:13  Refinery x2  
  149  10:14  Refinery  
  149  10:33  Marauder  
  149  10:39  Marine  
  144  10:43  Marine  
  144  10:44  Marine x3  
  144  10:48  Marine, Marauder  
  142  11:03  Command Center  
Show
View Real Time Build Order
Export as new Build Order

GanNiNiang Zerg 

Build Orders: Hatch First, Muta Ling Bane 

Get SALT Encoding   

  12  0:02  Drone  
  13  0:08  Drone  
  14  0:34  Hatchery  
  13  0:43  Overlord  
  13  0:45  Drone  
  14  0:59  Extractor  
  14  1:00  Drone  
  14  1:02  Drone  
  15  1:05  Drone  
  16  1:17  Spawning Pool  
  15  1:20  Drone  
  16  1:28  Drone  
  17  1:42  Overlord  
  17  1:51  Drone x2  
  19  2:04  Queen x2  
  19  2:06  Zergling x2  
  24  2:12  Metabolic Boost  
  24  2:15  Zergling x2  
  25  2:18  Drone  
  26  2:26  Drone x2  
  26  2:27  Drone  
  29  2:32  Extractor  
  28  2:39  Overlord, Drone  
  29  2:48  Queen  
  32  2:53  Overlord  
  32  2:57  Drone  
  33  2:59  Drone  
  34  3:06  Queen  
  34  3:08  Drone  
  37  3:19  Drone x2  
  39  3:21  Drone x2  
  41  3:27  Drone  
  42  3:34  Spore Crawler  
  42  3:45  Lair  
  42  3:46  Drone x2  
  42  3:47  Drone x2  
  46  3:51  Roach Warren  
  45  3:57  Drone x4  
  45  3:58  Drone  
  50  4:05  Overlord  
  50  4:09  Drone  
  51  4:14  Evolution Chamber, Extractor  
  51  4:16  Hatchery  
  48  4:18  Drone x2  
  48  4:19  Drone  
  51  4:25  Overlord  
  51  4:26  Extractor  
  51  4:29  Drone, Baneling Nest  
  51  4:30  Drone  
  51  4:41  Zergling x2  
  51  4:42  Zergling x8  
  56  4:52  Zergling x2  
  57  4:54  Zergling x2  
  57  4:55  Zergling x6  
  57  4:57  Hatchery  
  60  5:03  Drone, Extractor  
  60  5:05  Pneumatized Carapace  
  60  5:07  Drone x3  
  63  5:15  Drone  
  63  5:16  Spire  
  63  5:22  Overlord  
  63  5:26  Spore Crawler  
  63  5:27  Drone x3  
  65  5:31  Overseer  
  65  5:38  Drone x4  
  65  5:39  Overlord  
  65  5:41  Centrifical Hooks  
  69  5:44  Zergling x2  
  70  5:57  Evolution Chamber  
  70  5:58  Zerg Ground Armor Level 1  
  70  5:59  Drone x5  
  74  6:09  Zergling x12  
  74  6:10  Zergling x2  
  81  6:17  Zergling x2  
  81  6:18  Zergling x8  
  85  6:19  Spore Crawler  
  85  6:22  Drone  
  85  6:25  Drone x4  
  90  6:33  Overlord x3  
  90  6:36  Extractor x2  
  90  6:38  Baneling  
  90  6:39  Baneling x6  
  88  6:51  Overlord, Corruptor x2  
  92  6:55  Baneling x3  
  92  7:00  Zergling x6  
  95  7:06  Zergling x18  
  88  7:11  Baneling x3  
  88  7:14  Baneling x2  
  88  7:15  Zergling x6  
  76  7:24  Zergling x4  
  76  7:26  Baneling x2  
  72  7:33  Zergling x8  
  72  7:34  Zergling x2  
  71  7:46  Zergling x2  
  66  7:52  Zergling x6, Hatchery  
  66  7:54  Zergling x4  
  66  7:56  Drone x2  
  72  7:58  Baneling  
  72  7:59  Baneling x4  
  72  8:00  Drone x3  
  75  8:09  Zergling x2  
  75  8:10  Zergling x8  
  75  8:11  Zergling x2  
  81  8:18  Zergling x2  
  82  8:20  Zerg Melee Weapons Level 1  
  82  8:28  Baneling x3  
  82  8:33  Queen  
  82  8:42  Overlord x3  
  82  8:44  Hatchery  
  68  9:00  Zergling x12  
  68  9:01  Zergling x8  
  73  9:06  Zergling x2  
  73  9:07  Zergling x4  
  76  9:12  Zergling x2  
  76  9:13  Zergling x2  
  78  9:22  Baneling x5  
  78  9:23  Baneling x2  
  78  9:24  Baneling x7  
  78  9:26  Zergling x2  
  78  9:27  Zergling x6  
  82  9:40  Mutalisk x3  
  82  9:43  Mutalisk  
  90  9:49  Queen  
  92  9:53  Mutalisk  
  92  9:54  Mutalisk  
  96  10:04  Drone  
  97  10:11  Drone x2  
  97  10:12  Drone x4, Mutalisk  
  97  10:13  Roach  
  107  10:14  Drone x2  
  99  10:22  Mutalisk  
  99  10:24  Overlord x2  
  99  10:25  Zergling x8  
  100  10:39  Zergling x2  
  100  10:40  Zergling x14  
  103  11:07  Hatchery  
Tags
 
Add a new tag
Caveats
  • Supply blocks, unpowered buildings, or Contaminate may cause inaccurate times.
  • Supply counts are checked every 10 seconds.